 Dungeon Crawl Stone Soup version 0.23.1-37-gaa34b87b72 (webtiles) character file.

Game seed: 13398733310571918075

198 Peloso the Skirmisher (level 5, 0/47 HPs)
             Began as a Minotaur Fighter on Mar 28, 2019.
             Slain by an orc
             ... wielding a +0 hand axe
              (5 damage)
             ... on level 4 of the Dungeon.
             The game lasted 00:03:53 (1839 turns).

Peloso the Skirmisher (Minotaur Fighter)            Turns: 1839, Time: 00:03:53

Health: 0/47       AC:  7    Str: 20    XL:     5   Next: 47%
Magic:  4/4        EV:  8    Int:  5    God:
Gold:   177        SH:  9    Dex: 11    Spells: 4/4 levels left

rFire    . . .     SeeInvis .   a - +0 long sword
rCold    . . .     Gourm    .   c - +0 shield
rNeg     . . .     Faith    .   b - +0 scale mail
rPois    .         Spirit   .   (helmet restricted)
rElec    .         Reflect  .   (no cloak)
rCorr    .         Harm     .   (no gloves)
MR       .....                  (no boots)
Stlth    ..........             (no amulet)
HPRegen  0.15/turn              (no ring)
MPRegen  0.09/turn              (no ring)

@: no status effects
A: retaliatory headbutt, horns 2
a: no special abilities


You were on level 4 of the Dungeon.
You were not hungry.

You visited 1 branch of the dungeon, and saw 4 of its levels.

You collected 177 gold pieces.

Inventory:

Hand Weapons
 a - a +0 long sword (weapon)
Armour
 b - a +0 scale mail (worn)
 c - a +0 shield (worn)
Scrolls
 e - 3 scrolls of magic mapping {unknown}
 h - 5 scrolls of identify {unknown}
 k - a scroll of teleportation {unknown}
 m - a scroll of random uselessness {unknown}
 o - a scroll of enchant armour {unknown}
Potions
 d - a potion of might
 g - a potion of heal wounds {unknown}
 i - 3 potions of curing {unknown}
 j - 5 potions of lignification {unknown}
 l - a potion of degeneration {unknown}
 n - a potion of mutation {unknown}
 q - a potion of berserk rage
 r - a potion of brilliance {unknown}
Comestibles
 f - 7 rations


   Skills:
 + Level 4.8 Fighting
 + Level 3.8 Long Blades
 + Level 4.8 Armour
 + Level 1.6 Dodging
 + Level 0.2 Stealth
 + Level 4.6 Shields


You had 4 spell levels left.
You didn't know any spells.
Your spell library was empty.

Dungeon Overview and Level Annotations

Branches:
Dungeon (4/15)
 Temple: D:4-7

Altars:
Cheibriados
Qazlal
Ru


Innate Abilities, Weirdness & Mutations

You reflexively headbutt those who attack you in melee.
You have a pair of horns on your head.


Message History

You block the orc wizard's attack.
The orc priest calls down the wrath of Beogh upon you.
Beogh smites you!
You miss the orc wizard. Your headbutt misses the orc wizard.
The orc wizard is severely wounded.
A frilled lizard comes into view.
You block the orc wizard's attack.
You barely miss the orc wizard. Your headbutt misses the orc wizard.
The orc wizard is severely wounded.
The orc wizard casts a spell.
The orc wizard blinks!
You slash the orc!
You kill the orc!
The hound pauses to sniff the ground.
The orc priest invokes the aid of Beogh against you.
Beogh smites you!
* * * LOW HITPOINT WARNING * * *
The orc priest miscasts a cantrip.
The orc hits you with a +0 hand axe.
You die... .. ... roo #So

#.# # #h# #. ##o#
##.###@#
######.....##
###....####..#
#.>[#### #..#######
##..## ##........
#...# #.[..###..
#...## ##.........
###..##
###..........
#...####.(...#######


You could see a hound, 2 orc priests, an orc wizard, an orc (berserk), a quokka
and a ball python.

Vanquished Creatures
  An orc wizard (D:2)
  6 adders
  A howler monkey skeleton (D:2)
  5 worms
  3 dart slugs
  2 leopard geckos
  8 orcs
  A ball python (D:2)
  12 bats
  8 giant cockroaches
  7 goblins
  7 hobgoblins
  A quokka (D:2)
  2 frilled lizards (D:2)
  6 kobolds
  10 rats
80 creatures vanquished.

Vanquished Creatures (others)
  A ghoul (D:1)
  2 octopodes (D:1)
  3 gargoyles (D:1)
  A formicid (D:1)
  2 vampires (D:1)
  2 dwarves (D:1)
  3 ogres (D:1)
  An orc (D:1)
  5 tentacles (D:1)
20 creatures vanquished.

Grand Total: 100 creatures vanquished

Notes
Turn   | Place    | Note
-------+----------+-------------------------------------------
     0 | D:1      | Peloso the Minotaur Fighter began the quest for the Orb.
     0 | D:1      | Reached XP level 1. HP: 19/19 MP: 0/0
     3 | D:1      | Killed a gargoyle
     4 | D:1      | Killed a gargoyle
     5 | D:1      | Noticed an octopode
     5 | D:1      | Noticed an ogre
     5 | D:1      | Noticed a gargoyle
     5 | D:1      | Noticed a vampire
     5 | D:1      | Noticed a kraken
     5 | D:1      | Noticed an ogre
     5 | D:1      | Noticed a formicid
     5 | D:1      | Noticed a ghoul
     5 | D:1      | Noticed a dwarf
     5 | D:1      | Noticed a dwarf
     5 | D:1      | Noticed an octopode
     5 | D:1      | Noticed an ogre
     5 | D:1      | Noticed a vampire
     5 | D:1      | Killed a formicid
     6 | D:1      | Killed an ogre
     6 | D:1      | Killed a vampire
     8 | D:1      | Killed a gargoyle
     9 | D:1      | Killed an octopode
     9 | D:1      | Killed a dwarf
    10 | D:1      | Killed a dwarf
    10 | D:1      | Killed a vampire
    11 | D:1      | Killed an ogre
    11 | D:1      | Killed an ogre
    13 | D:1      | Killed an octopode
    14 | D:1      | Killed a ghoul
   153 | D:1      | Reached XP level 2. HP: 27/27 MP: 1/1
   678 | D:2      | Reached XP level 3. HP: 24/34 MP: 2/2
   865 | D:2      | Found a sacrificial altar of Ru.
   878 | D:2      | Reached XP level 4. HP: 40/41 MP: 3/3
   912 | D:2      | Reached skill level 1 in Dodging
   982 | D:2      | Found a snail-covered altar of Cheibriados.
  1060 | D:2      | Reached XP level 5. HP: 31/47 MP: 4/4
  1324 | D:3      | Found a stormy altar of Qazlal.
  1839 | D:4      | Slain by an orc

Skill      XL: |  1  2  3  4 |
---------------+-------------+-----
Fighting       | 4 |  4.8
Shields        | 4 |  4.6
Armour         | 4 |  4.8
Long Blades    | 3 |  3.8
Dodging        | 1 |  1.6
Stealth        | |  0.2

Action                   |  1- 3 |  4- 6 || total
-------------------------+-------+-------++-------
Melee: Long sword        |    89 |   102 ||   191
       Headbutt          |    10 |    20 ||    30
  Eat: Chunk             |       |     3 ||     3
Armor: Scale mail        |    46 |    34 ||    80
Dodge: Dodged            |    36 |    34 ||    70
Block: Shield            |    52 |    44 ||    96
       Rpst.: Long sword |    14 |     6 ||    20
